 Dungeon Crawl Stone Soup version 0.24.0-28-g17ded55e90 (webtiles) character file.

Game seed: 1030971360729625979, levelgen mode: deterministic

248 Curus the Carver (level 5, -5/45 HPs)
             Began as a Minotaur Berserker on Nov 12, 2019.
             Was a Believer of Trog.
             Killed from afar by an orc wizard (10 damage)
             ... with a magic dart
             ... on level 4 of the Dungeon.
             The game lasted 00:03:38 (1223 turns).

Curus the Carver (Minotaur Berserker)               Turns: 1223, Time: 00:03:39

Health: -5/45      AC:  9    Str: 25    XL:     5   Next: 86%
Magic:  4/4        EV: 11    Int:  1    God:    Trog [**....]
Gold:   77         SH:  0    Dex:  9    Spells: 4/4 levels left

rFire    . . .     SeeInvis .   a - +1 falchion
rCold    . . .     Gourm    .   (no shield)
rNeg     . . .     Faith    .   l - +0 ring mail (curse)
rPois    .         Spirit   .   (helmet restricted)
rElec    .         Reflect  .   e - +1 cloak
rCorr    +         Harm     .   k - +0 pair of gloves {Str+3}
MR       .....                  f - +0 pair of boots
Stlth    ..........             (no amulet)
HPRegen  0.15/turn              i - -4 ring of intelligence (curse)
MPRegen  0.09/turn              j - ring of resist corrosion

@: confused, berserk cooldown, slowed, very slow
A: retaliatory headbutt, horns 2
a: Berserk, Trog's Hand, Renounce Religion


You were on level 4 of the Dungeon.
You worshipped Trog.
Trog was pleased with you.
You were very hungry.

You visited 1 branch of the dungeon, and saw 3 of its levels.

You collected 77 gold pieces.

Inventory:

Hand Weapons
 a - a +1 falchion (weapon)
Armour
 b - a +0 animal skin
 e - a +1 cloak (worn)
 f - a +0 pair of boots (worn)
 k - a +0 pair of gloves of strength (worn)
 l - a cursed +0 ring mail (worn)
Jewellery
 i - a cursed -4 ring of intelligence (left hand)
 j - a ring of resist corrosion (right hand)
Scrolls
 g - a scroll of identify
 h - a scroll of enchant armour
Potions
 d - a potion of might
Comestibles
 c - 2 rations


   Skills:
 - Level 3.6 Fighting
 + Level 8.0 Long Blades
 - Level 2.4 Armour
 - Level 2.1 Dodging


You had 4 spell levels left.
You didn't know any spells.
Your spell library was empty.

Dungeon Overview and Level Annotations

Branches:
Dungeon (2/15)

Altars:
Elyvilon
Makhleb
Uskayaw


Innate Abilities, Weirdness & Mutations

You reflexively headbutt those who attack you in melee.
You have a pair of horns on your head.


Message History

You barely miss the orc wizard.
The orc priest hits you but does no damage.
The orc hits you but does no damage. x2
The orc wizard hits you with a +0 dagger.
* * * LOW HITPOINT WARNING * * *
The orc priest hits you with a +0 short sword!
* * * LOW HITPOINT WARNING * * *
You hit the orc wizard but do no damage.
Your headbutt misses the orc wizard. The orc misses you.
The orc wizard points at you and mumbles some strange words.
You are more confused.
The orc closely misses you. The orc priest misses you.
You bump into the rock wall.
The orc barely misses you. The orc wizard barely misses you.
The orc hits you but does no damage.
The orc priest hits you with a +0 short sword.
* * * LOW HITPOINT WARNING * * *
The orc barely misses you. The orc wizard casts a spell at you.
The magic dart hits you!
You die...

##...##.##
#....!...#
#........#
#........#
#.......?#
#.....)..#
#........#
##.##.oo##
### #+
#.o@##....
#.o.†......
#..>.......
#..........
#..........
#..........
#..........
###.##..###
+# ..#


You could see an orc priest, an orc wizard and 2 orcs.

Vanquished Creatures
  Menkaure (D:4)
  2 orc wizards (D:4)
  A centaur skeleton (D:4)
  An adder skeleton (D:4)
  2 dart slugs
  3 leopard geckos
  An orc (D:4)
  A ball python (D:1)
  7 bats (D:1)
  4 giant cockroaches
  2 goblins
  A hobgoblin (D:1)
  2 frilled lizards
  4 kobolds
  A rat (D:1)
33 creatures vanquished.

Notes
Turn   | Place    | Note
-------+----------+-------------------------------------------
     0 | D:1      | Curus the Minotaur Berserker began the quest for the Orb.
     0 | D:1      | Reached XP level 1. HP: 19/19 MP: 0/0
    72 | D:1      | Reached skill level 4 in Long Blades
   267 | D:1      | Reached XP level 2. HP: 25/26 MP: 1/1
   965 | D:2      | Reached skill level 5 in Long Blades
   988 | D:2      | Found a burning altar of Makhleb.
  1043 | D:2      | Reached XP level 3. HP: 31/31 MP: 2/2
  1149 | D:2      | Found a hide-covered altar of Uskayaw.
  1149 | D:2      | Found a white marble altar of Elyvilon.
  1191 | D:2      | You fall into a shaft and drop 2 floors!
  1191 | D:4      | Noticed Menkaure
  1198 | D:4      | Killed Menkaure
  1198 | D:4      | Reached ** piety under Trog
  1198 | D:4      | Reached skill level 7 in Long Blades
  1198 | D:4      | Reached XP level 4. HP: 29/39 MP: 3/3
  1198 | D:4      | Reached XP level 5. HP: 33/45 MP: 4/4
  1213 | D:4      | Reached skill level 8 in Long Blades
  1223 | D:4      | Killed from afar by an orc wizard

Levels and vault maps discovered:
D:1:      sevenhm_arrival_forest_fort_large_2, layout_loops_corners,
          kennysheep_small_spiral
D:2:      layout_basic, kiku_gazebo_garden_becter,
          nicolae_overflow_crystal_walls,
          chequers_temple_overflow_statue_of_worship, uniq_crazy_yiuf_cottage
D:4:      layout_gridville, first_ration, uniq_menkaure, uniq_natasha

Skill      XL: |  1  2  3  4  5 |
---------------+----------------+-----
Long Blades    | 4 5 7 8 |  8.0
Fighting       | |  3.6
Armour         | |  2.4
Dodging        | |  2.1

Action                   |  1- 3 |  4- 6 || total
-------------------------+-------+-------++-------
Melee: Falchion          |    50 |    12 ||    62
       Headbutt          |     5 |     1 ||     6
Invok: Berserk           |     1 |       ||     1
  Use: Potion            |     7 |       ||     7
       Scroll            |     4 |       ||     4
  Eat: Chunk             |     1 |       ||     1
Armor: Animal skin       |    14 |       ||    14
       Ring mail         |     2 |     6 ||     8
Dodge: Dodged            |    22 |    18 ||    40
       Rpst.: Falchion   |     4 |       ||     4
